 Dungeon Crawl Stone Soup version 0.29.0-4-gdea44cf6ec (webtiles) character file.

Game seed: 15165418876205560302

91 qw the Chopper (level 4, -3/26 HPs)
             Began as a Tengu Warper on Aug 28, 2022.
             Killed from afar by Robin (8 damage)
             ... with a puff of flame
             ... on level 3 of the Dungeon.
             The game lasted 00:00:13 (2370 turns).

qw the Chopper (Tengu Warper)                       Turns: 2370, Time: 00:00:13

Health: -3/26      AC:  5    Str: 13    XL:     4   Next: 57%
Magic:  8/8        EV: 11    Int: 13    God:
Gold:   62         SH:  0    Dex: 14    Spells: 7/7 levels left

rFire   . . .      SeeInvis .   Y - +0 hand axe
rCold   . . .      Faith    .   (no shield)
rNeg    . . .      Spirit   .   a - +0 ring mail
rPois   .          Reflect  .   (helmet restricted)
rElec   .          Harm     .   (no cloak)
rCorr   .          Rampage  .   (no gloves)
Will    .....                   (boots unavailable)
Stlth   +.........              (no amulet)
HPRegen 0.08/turn               (no ring)
MPRegen 0.11/turn               (no ring)

@: no status effects
A: beak, talons 3
a: no special abilities


You were on level 3 of the Dungeon.
You visited 1 branch of the dungeon, and saw 3 of its levels.

You collected 62 gold pieces.


Innate Abilities, Weirdness & Mutations

You have a beak for a mouth.
You have claws for feet.


   Skills:
 - Level 2.0 Fighting
 + Level 5.1 Axes
 - Level 1.0 Throwing
 - Level 1.1 Armour
 - Level 2.1 Dodging
 - Level 2.0 Spellcasting
 - Level 2.4 Translocations


You had 7 spell levels left.
You didn't know any spells.
Your spell library contained the following spells:

 Spells                   Type           Power      Damage    Failure   Level
 Blink                    Tloc           14%        N/A       30%         2
 Gell's Gravitas          Tloc           7%         N/A       52%         3
 Lesser Beckoning         Tloc           7%         N/A       52%         3
 Teleport Other           Tloc           7%         N/A       52%         3
 Manifold Assault         Tloc           7%         N/A       99%         5

Inventory:

Hand Weapons
 d - a +0 whip
 Y - a +0 hand axe (weapon)
Armour
 a - a +0 ring mail (worn)
Potions
 c - a potion of lignification {unknown}

Dungeon Overview and Level Annotations

Branches:
Dungeon (3/15)

Altars:

Annotations:
D:3 Robin


Message History

Robin closely misses you.
You barely miss Robin. You claw Robin, but do no damage.
Robin is heavily wounded.
You hit the hobgoblin but do no damage. Robin barely misses you.
The hobgoblin hits you.
You closely miss Robin.
Robin is heavily wounded.
You hit the hobgoblin. The hobgoblin closely misses you.
Robin zaps a wand.
The puff of flame hits you!
You completely miss the hobgoblin.
The hobgoblin is severely wounded.
You hit Robin.
Robin drinks a potion.
Robin is healed!
The hobgoblin hits you.
You slash the hobgoblin!
You kill the hobgoblin!
You hit Robin. Robin closely misses you.
You barely miss Robin. You claw Robin. Your peck misses Robin.
Robin is heavily wounded.
You hit the dart slug.
A goblin comes into view. It is wielding a +0 club.
Robin barely misses you. The dart slug launches a dart at you.
The slug dart misses you.
You barely miss Robin.
Robin is heavily wounded.
You barely miss the dart slug.
Robin zaps a wand.
The puff of flame hits you!
The dart slug bites you but does no damage.
You hit Robin. You claw Robin! Your peck misses Robin.
Robin is almost dead.
You hit the dart slug.
The hobgoblin no longer looks unusually strong.
Robin roars a battlecry!
The goblins go into a battle-frenzy!
You barely miss Robin. Your peck misses Robin.
Robin is almost dead.
You hit the dart slug.
Robin zaps a wand.
The puff of flame hits you!
You die...

#.#######
#...<...#
#.###..)#
..###+#)######
#.....).....#
##....).####.#
......g@#
...####w# .!


#gg . #..# #..# #..# #..# ...# You could see Robin, a dart slug, a hobgoblin
(strong) and a goblin (strong).

Vanquished Creatures
  A gnoll (D:1)
  An adder (D:2)
  A worm (D:3)
  2 dart slugs
  3 orcs (D:3)
  4 ball pythons
  5 bats
  4 endoplasms
  2 giant cockroaches (D:2)
  7 goblins
  6 hobgoblins
  6 jackals
  3 quokkas
  A frilled lizard (D:1)
  4 kobolds
  4 rats
54 creatures vanquished.

Notes
Turn   | Place    | Note
-------+----------+-------------------------------------------
     0 | D:1      | qw the Tengu Warper began the quest for the Orb.
     0 | D:1      | Reached XP level 1. HP: 12/12 MP: 4/4
     0 | D:1      | 0 ||| qw: Version: 0.1-a-89-g26bdef1
     0 | D:1      | 0 ||| qw: Game counter: 395
     0 | D:1      | 0 ||| qw: Always use a shield: true
     0 | D:1      | 0 ||| qw: God list: Okawaru
     0 | D:1      | 0 ||| qw: Allow faded altars: false
     0 | D:1      | 0 ||| qw: Do Orc after D:15 true
     0 | D:1      | 0 ||| qw: Do second Lair branch before Depths: true
     0 | D:1      | 0 ||| qw: Lair rune preference: random
     0 | D:1      | 0 ||| qw: Plans: Normal
     0 | D:1      | 0 ||| PLANNING D:1-11
    16 | D:1      | 16 ||| Stepping ~*~*~tactically~*~*~ (stealth).
    22 | D:1      | 22 ||| Stepping ~*~*~tactically~*~*~ (stealth).
    23 | D:1      | 23 ||| Stepping ~*~*~tactically~*~*~ (stealth).
    26 | D:1      | 26 ||| Stepping ~*~*~tactically~*~*~ (stealth).
    35 | D:1      | 35 ||| Stepping ~*~*~tactically~*~*~ (stealth).
    37 | D:1      | 37 ||| Stepping ~*~*~tactically~*~*~ (stealth).
    47 | D:1      | Reached skill level 3 in Axes
    47 | D:1      | Reached XP level 2. HP: 17/17 MP: 6/6
   149 | D:1      | 149 ||| Stepping ~*~*~tactically~*~*~ (stealth).
   151 | D:1      | 151 ||| Stepping ~*~*~tactically~*~*~ (stealth).
   463 | D:1      | Reached XP level 3. HP: 21/21 MP: 7/7
   473 | D:1      | Reached skill level 4 in Axes
   832 | D:1      | 832 ||| Stepping ~*~*~tactically~*~*~ (stealth).
   834 | D:1      | 834 ||| Stepping ~*~*~tactically~*~*~ (stealth).
   837 | D:1      | 837 ||| Stepping ~*~*~tactically~*~*~ (stealth).
   844 | D:1      | Found a faded altar of an unknown god.
  1024 | D:1      | 1024 ||| READING scroll labelled GUNOCR QIZAO.
  1025 | D:1      | 1025 ||| DROPPING scroll of blinking.
  1416 | D:2      | Reached XP level 4. HP: 14/26 MP: 8/8
  1962 | D:2      | 1962 ||| Stepping ~*~*~tactically~*~*~ (hiding).
  2279 | D:2      | 2279 ||| UPGRADING to +0 ring mail.
  2289 | D:2      | 2289 ||| DROPPING +0 leather armour.
  2290 | D:2      | 2290 ||| DRINKING 3 purple potions.
  2291 | D:2      | 2291 ||| DROPPING 2 potions of brilliance.
  2333 | D:3      | 2333 ||| Stepping ~*~*~tactically~*~*~ (stealth).
  2344 | D:3      | Reached skill level 5 in Axes
  2355 | D:3      | Noticed Robin
  2358 | D:3      | 2358 ||| Stepping ~*~*~tactically~*~*~ (hiding).
  2368 | D:3      | HP: 5/26 [Robin/puff of flame (11)]
  2370 | D:3      | Killed from afar by Robin

Levels and vault maps discovered:
D:1:      dpeg_arrival_solitude, layout_loops_cross,
          shapermc_ecumenical_altar_pompeii, st_stairs_1,
          minmay_misc_feat_ornament
D:2:      layout_basic, nicolae_figureground_pulse
D:3:      layout_basic, elyvilon_altar_3, slow_altar_2, serial_shops,
          nicolae_shop_overgrown_old_shop, nicolae_shop_statue_plus,
          st_stairs_11, serial_bayou_pond_d, guppyfry_early_orc_mine, uniq_robin

Skill      XL: |  1  2  3  4 |
---------------+-------------+-----
Axes           | 3 4 5 |  5.1
Fighting       | |  2.0
Throwing       | |  1.0
Armour         | |  1.1
Dodging        | |  2.1
Spellcasting   | |  2.0
Translocations | |  2.4

Action                   |  1- 3 |  4- 6 || total
-------------------------+-------+-------++-------
Melee: Hand axe          |    68 |    41 ||   109
       Peck              |    11 |     2 ||    13
       Kick              |    10 |    12 ||    22
Throw: Boomerang         |     7 |       ||     7
  Use: Scroll            |     1 |       ||     1
       Potion            |       |     1 ||     1
Armor: Leather armour    |     6 |     4 ||    10
       Ring mail         |       |     4 ||     4
Dodge: Dodged            |    33 |    20 ||    53

Table legend:
 A = Non-vault XP
 B = Vault XP
 C = Vault XP percentage of total XP
 D = Non-vault monster count
 E = Vault monster count
 F = Vault count percentage of total count
                 A         B        C        D         E       F
            +---------+---------+-------+---------+---------+-------
      Total |     116 |      14 |  10.8 |      47 |       7 |  13.0
            +---------+---------+-------+---------+---------+-------
        D:1 |      54 |       4 |   6.9 |      24 |       2 |   7.7
        D:2 |      48 |       0 |   0.0 |      19 |       0 |   0.0
        D:3 |      14 |      10 |  41.7 |       4 |       5 |  55.6
            +---------+---------+-------+---------+---------+-------
